 Seeded DCSS version 0.29-a0-375-g5102b3be25 (webtiles) character file.

Game seed: 12277325093202877910 (custom seed)

72248 zeratav the Crack Shot (level 15, -2/92 HPs)
             Began as a Tengu Hunter on May 3, 2022.
             Was the Champion of Dithmenos.
             Killed by divine providence
             ... invoked by Saint Roka
              (15 damage)
             ... on level 2 of the Orcish Mines.
             The game lasted 00:40:36 (14101 turns).

zeratav the Crack Shot (Tengu Hunter)              Turns: 14101, Time: 00:40:37

Health: -2/92      AC: 25    Str: 11    XL:     15   Next: 39%
Magic:  21/21      EV: 25    Int: 11    God:    Dithmenos [******]
Gold:   2541       SH:  0    Dex: 33    Spells: 14/14 levels left

rFire   + . .      SeeInvis .   T - +7 longbow (vorpal) {bow}
rCold   . . .      Faith    .   (shield currently unavailable)
rNeg    . . .      Spirit   .   G - +8 ring mail "Fixzy" {rF+ Regen+ Stlth+}
rPois   .          Reflect  .   E - +2 hat
rElec   .          Harm     .   D - +0 cloak
rCorr   .          Rampage  .   C - +1 pair of gloves {Dex+3}
Will    +....                   (boots unavailable)
Stlth   ++++++....              N - amulet of regeneration {@e2}
HPRegen 1.85/turn               i - +4 ring of protection
MPRegen 0.17/turn               O - +6 ring of dexterity

@: flying quickly and evasively, wreathed by umbra, quick
A: beak, talons 3, nimble flight
a: Renounce Religion, Shadow Step, Shadow Form


You were on level 2 of the Orcish Mines.
You worshipped Dithmenos.
Dithmenos was exalted by your worship.
You visited 4 branches of the dungeon, and saw 19 of its levels.
You also visited: Volcano.

You collected 3216 gold pieces.
You spent 675 gold pieces at shops.


Innate Abilities, Weirdness & Mutations

You have a beak for a mouth.
You have claws for feet.
Your magical nature lets you fly swiftly and evasively.


   Skills:
 - Level 10.0 Fighting
 - Level 22.0 Bows
 - Level 10.0 Armour
 - Level 10.0 Dodging
 - Level 1.0 Stealth
 + Level 7.4 Invocations


You had 14 spell levels left.
You didn't know any spells.
Your spell library contained the following spells:

 Spells                   Type           Power      Damage    Failure   Level
 Apportation              Tloc           0%         N/A       56%         1
 Magic Dart               Conj           0%         1d3       56%         1
 Pain                     Necr           0%         1d4       56%         1
 Searing Ray              Conj           0%         2d4       71%         2
 Gell's Gravitas          Tloc           0%         N/A       91%         3
 Lesser Beckoning         Tloc           0%         N/A       91%         3
 Teleport Other           Tloc           0%         N/A       91%         3
 Fulminant Prism          Conj/Hex       0%         3d6       100%        4
 Leda's Liquefaction      Hex/Erth       0%         N/A       100%        4
 Agony                    Necr           0%         N/A       100%        5
 Alistair's Intoxication  Tmut/Pois      0%         N/A       100%        5
 Excruciating Wounds      Necr           0%         N/A       100%        5
 Lee's Rapid Deconstruct  Erth           0%         3d5*      100%        5
 Statue Form              Tmut/Erth      0%         N/A       100%        6

Inventory:

Hand Weapons
 q - a +4 shortbow of flaming {bow}
   (You acquired it on level 2 of the Dungeon)
 T - a +7 vorpal longbow (weapon) {bow}
   (You acquired it on level 1 of the Lair of Beasts)
Armour
 d - a +0 chain mail
   (You took it off Donald on level 2 of the Orcish Mines)
 C - a +1 pair of gloves of dexterity (worn)
   (You found it on level 4 of the Lair of Beasts)
 D - a +0 cloak (worn)
   (You found it on level 7 of the Dungeon)
 E - a +2 hat (worn)
   (You found it on level 7 of the Dungeon)
 G - the +8 ring mail "Fixzy" (worn) {rF+ Regen+ Stlth+}
   (You found it on level 5 of the Dungeon)

   rF:        It protects you from fire.
   Regen:     It increases your rate of health regeneration.
   Stlth:     It makes you more stealthy.
 X - a +1 robe of positive energy
   (You found it on level 3 of the Lair of Beasts)
 Y - a +2 robe of cold resistance
   (You took it off Fannar on level 1 of the Orcish Mines)
 Z - a +2 robe of cold resistance
   (You took it off an orc sorcerer on level 1 of the Orcish Mines)
Jewellery
 i - a +4 ring of protection (left hand)
   (You found it on level 1 of the Dungeon)
 s - a ring of poison resistance
   (You found it on level 3 of the Dungeon)
 w - a ring of protection from fire
   (You found it on level 9 of the Dungeon)
 x - a ring of positive energy
   (You found it on level 5 of the Dungeon)
 B - a ring of willpower
   (You found it on level 7 of the Dungeon)
 L - a ring of see invisible
   (You found it on level 7 of the Dungeon)
 N - an amulet of regeneration (around neck) {@e2}
   (You bought it in a shop on level 8 of the Dungeon)
 O - a +6 ring of dexterity (right hand)
   (You took it off a gnoll on level 7 of the Dungeon)
 V - a ring of protection from cold
   (You found it on level 3 of the Lair of Beasts)
Wands
 j - a wand of acid (13)
   (You took it off Sonja on level 2 of the Lair of Beasts)
 n - a wand of iceblast (9)
   (You found it on level 2 of the Dungeon)
 F - a wand of paralysis (10)
   (You found it on level 5 of the Dungeon)
 H - a wand of flame (15)
   (You found it on level 5 of the Dungeon)
 J - a wand of polymorph (32)
   (You found it on level 6 of the Dungeon)
 P - a wand of digging (2)
   (You found it on level 8 of the Dungeon)
 Q - a wand of mindburst (11)
   (You found it on level 5 of the Lair of Beasts)
Scrolls
 a - 4 scrolls of amnesia
 b - a scroll of torment {!r}
 g - 6 scrolls of teleportation {@r4}
 h - 4 scrolls of poison {!r}
 l - 2 scrolls of brand weapon
 u - 6 scrolls of vulnerability {!r!r}
 v - 2 scrolls of fear
 y - 2 scrolls of magic mapping {!r}
 z - a scroll of silence {!r}
 S - 3 scrolls of blinking {!r}
 W - a scroll of identify {@r1}
Potions
 e - 5 potions of attraction {!q}
 k - 4 potions of resistance
 o - 3 potions of might
 p - a potion of heal wounds {@q2}
 r - 5 potions of mutation {!q}
 t - 11 potions of curing {@q1}
 A - 2 potions of invisibility
 I - a potion of cancellation
 M - 2 potions of ambrosia
 R - a potion of haste {@q3}
 U - 2 potions of magic {unknown}
Miscellaneous
 f - a condenser vane
   (You found it on level 2 of the Lair of Beasts)

Dungeon Overview and Level Annotations

Branches:
Dungeon (10/15)            Temple (1/1) D:4            Lair (6/6) D:10
 Shoals (0/4) Lair:3       Spider (0/4) Lair:4        Slime (0/5) Lair:5
    Orc (2/2) D:10        Volcano (visited)
    Elf: Orc:2

Altars:
Ashenzari
Cheibriados
Dithmenos
Elyvilon
Fedhas
Gozag
Hepliaklqana
Kikubaaqudgha
Makhleb
Nemelex Xobeh
Okawaru
Qazlal
Ru
Sif Muna
Trog
Uskayaw
Vehumet
Wu Jian
Xom
Yredelemnul
Zin
The Shining One
Jiyva

Shops:
D:8 (=[*:

Annotations:
Lair:2 2 transporters, exclusion: 2 oklob plants, spaghetti's ghost, journeyman GnDe
Lair:5 1 runed translucent door
Orc:2 Saint Roka

#^#.#..............
#....#............
##................
###.................
##....§§§§...........
#....§§§§§...........
#.#§§§§§§...........
##)#§§o#§§..#...#...
#.)@)§§§§o§###.#....
##.[§§§#§§§§#.^.....
##...[#§§§§§#.....#
#.###§§§§§§§§§.....##
#.....§§§§§§§#.##....#
......§§§§§.#.####...#
##...#..§§.....# ##...
##.##...§....## #.# ##
##.....### ##


You could see Saint Roka.


Message History

HP[-11]
You take 11 damage, and now have 48/92 hp.
Shoot: T) +7 longbow (vorpal) {bow}
Press: ? - help, Q - select action, (/) - cycle Shift-Dir - straight line, f/p - Saint Roka
Aim: Saint Roka, wielding a +4 vorpal war axe and wearing a +3 chain mail of positive energy (severely wounded, umbra, 83% to hit)
You shoot an arrow. The arrow hits Saint Roka.
Your shadow shoots an arrow.
The arrow hits Saint Roka but does no damage.
Saint Roka mumbles some strange prayers to Beogh against you.
Beogh smites you!
* * * LOW HITPOINT WARNING * * *
HP[-14]
You take 14 damage, and now have 34/92 hp.
Shoot: T) +7 longbow (vorpal) {bow}
Press: ? - help, Q - select action, (/) - cycle Shift-Dir - straight line, f/p - Saint Roka
Aim: Saint Roka, wielding a +4 vorpal war axe and wearing a +3 chain mail of positive energy (severely wounded, umbra, 83% to hit)
You shoot an arrow. The arrow hits Saint Roka!!
Your shadow shoots an arrow.
The arrow hits Saint Roka but does no damage.
HP[+2]
You regained 2 hp, and now have 36/92 hp.
You see here a +0 flail {mace}.
HP[+1] HP[+2]
You regained 2 hp, and now have 39/92 hp.
Saint Roka invokes the aid of Beogh against you.
Beogh smites you!
* * * LOW HITPOINT WARNING * * *
HP[-12]
You take 12 damage, and now have 27/92 hp.
Saint Roka calls down the wrath of Beogh upon you.
Beogh smites you!
* * * LOW HITPOINT WARNING * * *
HP[-8]
You take 8 damage, and now have 19/92 hp.
Saint Roka invokes the aid of Beogh against you.
Beogh smites you!
* * * LOW HITPOINT WARNING * * *
HP[-8]
You take 8 damage, and now have 11/92 hp.
You feel much better.
HP[+18]
You regained 18 hp, and now have 29/92 hp.
Shoot: T) +7 longbow (vorpal) {bow}
Press: ? - help, Q - select action, (/) - cycle Shift-Dir - straight line, f/p - Saint Roka
Aim: Saint Roka, wielding a +4 vorpal war axe and wearing a +3 chain mail of positive energy (almost dead, umbra, 83% to hit)
You shoot an arrow. The arrow hits Saint Roka!!
Your shadow shoots an arrow.
The arrow barely misses Saint Roka.
HP[+1] Shoot: T) +7 longbow (vorpal) {bow}
Press: ? - help, Q - select action, (/) - cycle Shift-Dir - straight line, f/p - Saint Roka
Aim: Saint Roka, wielding a +4 vorpal war axe and wearing a +3 chain mail of positive energy (almost dead, umbra, 83% to hit)
You shoot an arrow. The arrow barely misses Saint Roka.
Saint Roka calls down the wrath of Beogh upon you.
Beogh smites you!
* * * LOW HITPOINT WARNING * * *
You emit a cloud of dark smoke.
HP[-11]
You take 11 damage, and now have 19/92 hp.
HP[+1] Saint Roka calls down the wrath of Beogh upon you.
Beogh smites you!
* * * LOW HITPOINT WARNING * * *
HP[-5]
You take 5 damage, and now have 15/92 hp.
HP[+2]
You regained 2 hp, and now have 17/92 hp.
Saint Roka calls down the wrath of Beogh upon you.
Beogh smites you!
* * * LOW HITPOINT WARNING * * *
You emit a cloud of dark smoke.
HP[-15]
You take 15 damage, and now have 2/92 hp.
You feel much better.
HP[+26]
You regained 26 hp, and now have 28/92 hp.
HP[+2]
You regained 2 hp, and now have 30/92 hp.
HP[+2]
You regained 2 hp, and now have 32/92 hp.
Saint Roka calls down the wrath of Beogh upon you.
Beogh smites you!
* * * LOW HITPOINT WARNING * * *
You emit a cloud of dark smoke.
HP[-14]
You take 14 damage, and now have 18/92 hp.
Saint Roka invokes the aid of Beogh against you.
Beogh smites you!
* * * LOW HITPOINT WARNING * * *
You emit a cloud of dark smoke.
HP[-12]
You take 12 damage, and now have 6/92 hp.
HP[+2]
You regained 2 hp, and now have 8/92 hp.
Things that are here:
a +0 spear {polearm}; a gnoll skeleton; HP[+1]
Items here: ))) [ ÷÷÷.
HP[+2]
You regained 2 hp, and now have 11/92 hp.
Saint Roka mumbles some strange prayers to Beogh against you.
Beogh smites you!
You die...

Skill      XL: |  1  2  3  4  5  6  7  8  9 10 11 12 13 14 15 |
---------------+----------------------------------------------+-----
Bows           | 5 6 7 8 10 12 15 17 20 22 | 22.0
Armour         | 4 10 | 10.0
Fighting       | 9 10 | 10.0
Dodging        | 7 10 | 10.0
Invocations    | 3 7 |  7.4
Stealth        | |  1.0

Action                   |  1- 3 |  4- 6 |  7- 9 | 10-12 | 13-15 || total
-------------------------+-------+-------+-------+-------+-------++-------
 Fire: Shortbow          |    67 |    81 |   251 |   530 |       ||   929
       Longbow           |       |       |       |    48 |   722 ||   770
  Use: Scroll            |     1 |       |       |    24 |    12 ||    37
       Potion            |       |       |       |       |     5 ||     5
Armor: Leather armour    |     6 |     7 |     2 |       |       ||    15
       Ring mail         |       |       |    72 |   165 |   112 ||   349
Dodge: Dodged            |    13 |    22 |   117 |   302 |   324 ||   778

Levels and vault maps discovered:
D:1:      tarquinn_simple_flora_water_e, layout_basic, basic_ecumenical_altar,
          nicolae_concentric_dashed_squares_wild
D:2:      layout_basic
D:3:      layout_loops_ring
D:4:      layout_loops_corners, minmay_temple_entry_sparse_star
D:5:      layout_basic, mainiacjoe_overflow_six_doors_small
D:6:      layout_rooms
D:7:      layout_gridville, uniq_duvessa
D:8:      layout_loops_ring, serial_shops, shop, shop,
          nicolae_shop_bloodbath_and_beyond, nicolae_shop_crystal, shop,
          uniq_grum
D:9:      cheibrodos_steamvent, layout_basic, serial_corexii_hall,
          corexii_hall_statues_i, corexii_hall_statues_i, roderic_lattice_a,
          minmay_misc_feat_alley, uniq_harold
D:10:     layout_long_grid, dpeg_lair_monsters, zombieorc1_lemuel
Temple:   dpeg_three_leaves_temple
Lair:1:   layout_misc_corridors, gauntlet_entry_generic, beast_lair_carwin_4,
          lemuel_fruit_tree, grunt_megastairs_2
Lair:2:   layout_misc_corridors, nzn_ghost_randoct,
          nicolae_volcano_entry_batcave, uniq_sonja
Lair:3:   layout_gridlike, minmay_shoals_entry_hut,
          nicolae_lair_grove_arrangements
Lair:4:   layout_big_grid, dummy_spider_entry, grunt_megastairs_5,
          serial_bayou_shore_a
Lair:5:   layout_small_grid, slime_altar_2, infiniplex_staircase_pool_2,
          uniq_urug
Lair:6:   grunt_lair_end_beastmaster, layout_regular_city
Orc:1:    layout_diamond_mine, nicolae_orc_stony_grotto, mines1_david,
          uniq_fannar, uniq_josephine
Orc:2:    grunt_orc_tribal_feast, layout_caves, uniq_erolcha, uniq_donald,
          uniq_saint_roka

Notes
Turn   | Place    | Note
-------+----------+-------------------------------------------
     0 | D:1      | zeratav the Tengu Hunter began the quest for the Orb.
     0 | D:1      | Reached XP level 1. HP: 12/12 MP: 2/2
     0 | D:1      | magus.rc [v1.9.6]
   191 | D:1      | Reached skill level 5 in Bows
   191 | D:1      | Reached XP level 2. HP: 17/17 MP: 3/3
   364 | D:1      | Reached XP level 3. HP: 21/21 MP: 4/4
   497 | D:1      | Found a faded altar of an unknown god.
  1430 | D:2      | Identified a scroll of acquirement
  1430 | D:2      | Acquired a +4 shortbow of flaming
  1452 | D:3      | Reached skill level 6 in Bows
  1452 | D:3      | Reached XP level 4. HP: 26/26 MP: 5/5
  1596 | D:3      | Noticed a bullfrog
  1598 | D:3      | Killed a bullfrog
  1599 | D:3      | Gained mutation: Your magical nature lets you fly swiftly
                  | and evasively. [Tengu growth]
  1599 | D:3      | Reached XP level 5. HP: 23/30 MP: 6/6
  1846 | D:3      | Reached skill level 7 in Bows
  2154 | D:4      | Found a staircase to the Ecumenical Temple.
  2164 | Temple   | Entered the Ecumenical Temple
  2245 | Temple   | Became a worshipper of Dithmenos the Shadowed
  2286 | D:4      | Reached XP level 6. HP: 20/35 MP: 7/7
  2714 | D:4      | Noticed a black bear
  2716 | D:4      | Killed a black bear
  2717 | D:4      | Reached skill level 8 in Bows
  3020 | D:4      | You pick up a book of Pain and begin reading...
  3020 | D:4      | You add the spells Pain, Agony and Excruciating Wounds to
                  | your library.
  3093 | D:4      | Reached XP level 7. HP: 30/40 MP: 8/8
  3094 | D:4      | Reached skill level 9 in Bows
  3422 | D:5      | Entered Level 5 of the Dungeon
  3484 | D:5      | Reached * piety under Dithmenos
  3557 | D:5      | Reached skill level 10 in Bows
  3600 | D:5      | Reached XP level 8. HP: 44/44 MP: 9/9
  3668 | D:5      | Reached skill level 11 in Bows
  3691 | D:5      | Identified the +8 ring mail "Fixzy" {rF+ Regen+ Stlth+}
  3860 | D:5      | Found a stormy altar of Qazlal.
  4212 | D:5      | Reached skill level 12 in Bows
  4220 | D:5      | Reached skill level 2 in Armour
  4235 | D:5      | Reached skill level 3 in Armour
  4258 | D:5      | Reached ** piety under Dithmenos
  4259 | D:5      | Reached skill level 4 in Armour
  4280 | D:5      | Reached XP level 9. HP: 48/48 MP: 10/10
  4287 | D:6      | Reached skill level 5 in Armour
  4293 | D:6      | Reached skill level 6 in Armour
  4342 | D:6      | Identified the +10 hand axe of the Warrior-Mage {drain, rF+
                  | rC+ Int+2}
  4424 | D:6      | Reached skill level 7 in Armour
  4780 | D:7      | Reached skill level 8 in Armour
  4863 | D:7      | You pick up a book of the Earth and begin reading...
  4863 | D:7      | You add the spells Leda's Liquefaction, Lee's Rapid
                  | Deconstruction and Statue Form to your library.
  4876 | D:7      | Identified the +6 chain mail of the King of the Hill
                  | {Rampage}
  4980 | D:7      | Reached skill level 9 in Armour
  5037 | D:7      | Noticed a hornet
  5060 | D:7      | Killed a hornet
  5061 | D:7      | Reached skill level 10 in Armour
  5061 | D:7      | Reached XP level 10. HP: 36/53 MP: 11/11
  5073 | D:7      | Reached skill level 3 in Fighting
  5100 | D:7      | Reached *** piety under Dithmenos
  5182 | D:7      | Identified the +8 rapier of Pydanur {protect, rC+ SInv}
  5184 | D:7      | Identified the +7 flail "Dotuka" {venom, Fly rF+ Int+4}
  5187 | D:7      | Reached skill level 4 in Fighting
  5228 | D:7      | Noticed Duvessa
  5228 | D:7      | Noticed Dowan
  5238 | D:7      | Killed Duvessa
  5242 | D:7      | Killed Dowan
  5486 | D:8      | Noticed Grum
  5492 | D:8      | Reached skill level 5 in Fighting
  5511 | D:8      | Killed Grum
  5573 | D:8      | Found Paxutar's Book Emporium.
  5626 | D:8      | Found Reinweu's General Store.
  5674 | D:8      | Found Vuplax's Weapon Emporium.
  5803 | D:8      | Reached skill level 6 in Fighting
  5807 | D:8      | Found Pagat's Antique Armour Shoppe.
  6010 | D:8      | Found Acsaikutt's Jewellery Shoppe.
  6013 | D:8      | Bought an amulet of regeneration for 360 gold pieces
  6086 | D:8      | Reached skill level 7 in Fighting
  6328 | D:9      | Noticed Harold
  6349 | D:9      | Killed Harold
  6350 | D:9      | Reached skill level 8 in Fighting
  6488 | D:9      | You pick up a book of Conjurations {@e2} and begin
                  | reading...
  6488 | D:9      | You add the spells Magic Dart, Searing Ray and Fulminant
                  | Prism to your library.
  6582 | D:9      | Reached skill level 9 in Fighting
  6678 | D:9      | Noticed a five-headed hydra
  6685 | D:9      | Killed a five-headed hydra
  6686 | D:9      | Reached XP level 11. HP: 72/72 MP: 12/12
  7046 | D:10     | Entered Level 10 of the Dungeon
  7106 | D:10     | Reached skill level 10 in Fighting
  7108 | D:10     | Found a staircase to the Orcish Mines.
  7148 | D:10     | Reached **** piety under Dithmenos
  7385 | D:10     | Reached skill level 13 in Bows
  7406 | D:10     | Noticed a death yak
  7434 | D:10     | Killed a death yak
  7785 | D:10     | Noticed a two-headed ogre
  7791 | D:10     | Killed a two-headed ogre
  7822 | D:10     | Noticed a death yak
  7827 | D:10     | Noticed a death yak
  7830 | D:10     | Noticed a death yak
  7831 | D:10     | Noticed a death yak
  7832 | D:10     | Noticed a death yak
  7833 | D:10     | Noticed a death yak
  7833 | D:10     | Noticed a death yak
  7834 | D:10     | Killed a death yak
  7835 | D:10     | Reached skill level 14 in Bows
  7836 | D:10     | Noticed a death yak
  7847 | D:10     | Killed a death yak
  7858 | D:10     | Killed a death yak
  7873 | D:10     | Killed a death yak
  7874 | D:10     | Reached skill level 15 in Bows
  7901 | D:10     | Killed a death yak
  7902 | D:10     | Reached XP level 12. HP: 62/77 MP: 13/13
  7912 | D:10     | Killed a death yak
  7924 | D:10     | Killed a death yak
  7934 | D:10     | Killed a death yak
  7935 | D:10     | Reached skill level 16 in Bows
  7941 | D:10     | Reached skill level 3 in Dodging
  7978 | D:10     | Found a staircase to the Lair.
  8147 | Lair:1   | Entered Level 1 of the Lair of Beasts
  8169 | Lair:1   | Reached skill level 4 in Dodging
  8188 | Lair:1   | Reached ***** piety under Dithmenos
  8191 | Lair:1   | Reached skill level 5 in Dodging
  8239 | Lair:1   | Reached skill level 6 in Dodging
  8347 | Lair:1   | Found a gate leading to a gauntlet.
  8373 | Lair:1   | Reached skill level 7 in Dodging
  8665 | Lair:1   | Acquired a +2 vorpal longbow
  8667 | Lair:1   | Acquired 1279 gold pieces
  8833 | D:8      | Bought 3 scrolls of enchant weapon for 315 gold pieces
  8954 | Lair:2   | Noticed a death yak
  8954 | Lair:2   | Noticed a death yak
  8955 | Lair:2   | Noticed a death yak
  8957 | Lair:2   | Noticed a death yak
  8957 | Lair:2   | Noticed a death yak
  8958 | Lair:2   | Noticed a death yak
  8984 | Lair:1   | Killed a death yak
  8989 | Lair:1   | Killed a death yak
  8994 | Lair:1   | Killed a death yak
  9027 | Lair:1   | Killed a death yak
  9036 | Lair:1   | Killed a death yak
  9037 | Lair:1   | Reached skill level 17 in Bows
  9037 | Lair:1   | Reached XP level 13. HP: 61/82 MP: 14/14
  9154 | Lair:2   | Found a transporter.
  9271 | Lair:2   | Found a dark tunnel.
  9281 | Volcano  | Entered a volcano
  9302 | Volcano  | Reached skill level 18 in Bows
  9340 | Volcano  | Noticed an orb of fire
  9362 | Volcano  | Noticed an orb of fire
  9382 | Volcano  | HP: 7/82 [molten gargoyle/bolt of magma (22)]
  9644 | Lair:2   | Noticed Sonja
  9650 | Lair:2   | Killed Sonja
  9736 | Lair:2   | Noticed spaghetti's ghost (journeyman GnDe)
  9761 | Lair:2   | Found a transporter.
  9867 | Lair:2   | Reached skill level 19 in Bows
 10415 | Lair:3   | Reached skill level 20 in Bows
 10432 | Lair:3   | You pick up a book of Displacement and begin reading...
 10432 | Lair:3   | You add the spells Lesser Beckoning, Gell's Gravitas and
                  | Teleport Other to your library.
 10457 | Lair:3   | Found a staircase to the Shoals.
 10533 | Lair:3   | Reached ****** piety under Dithmenos
 10657 | Lair:3   | Reached XP level 14. HP: 88/88 MP: 15/15
 10834 | Lair:3   | You are sucked into a shaft and drop 2 floors!
 10969 | Lair:4   | Found a hole to the Spider Nest.
 11101 | Lair:4   | Identified the +0 robe "Wovvimo" {rF+ Str+3}
 11727 | Lair:5   | Reached skill level 21 in Bows
 11745 | Lair:5   | Noticed Urug
 11749 | Lair:5   | Killed Urug
 11756 | Lair:5   | d - a +5 eveningstar {macerare=g}
 11766 | Lair:5   | You drop a +5 eveningstar {macerare=g}.
 11767 | Lair:5   | d - a +5 eveningstar {macerare=g}
 12203 | Lair:5   | Found a runed translucent door.
 12203 | Lair:5   | Found a viscous altar of Jiyva.
 12206 | Lair:5   | Found a staircase to the Slime Pits.
 12465 | Lair:6   | Entered Level 6 of the Lair of Beasts
 12470 | Lair:6   | Reached skill level 22 in Bows
 12470 | Lair:6   | Reached skill level 8 in Dodging
 12569 | Lair:6   | Reached skill level 9 in Dodging
 12754 | Lair:6   | Reached skill level 10 in Dodging
 12794 | Lair:6   | Reached skill level 1 in Invocations
 12825 | Lair:6   | Reached skill level 2 in Invocations
 13184 | Lair:6   | Reached skill level 3 in Invocations
 13186 | Lair:6   | Reached XP level 15. HP: 92/92 MP: 18/18
 13235 | Lair:6   | Reached skill level 4 in Invocations
 13255 | Lair:6   | Reached skill level 5 in Invocations
 13304 | Lair:6   | You pick up a book of Party Tricks and begin reading...
 13304 | Lair:6   | You add the spells Apportation and Alistair's Intoxication
                  | to your library.
 13307 | Lair:6   | Identified the +10 hand crossbow of Coxafaw {flame, rPois
                  | rN+ SInv}
 13335 | Lair:6   | You drop a +5 eveningstar {macerare=g}.
 13338 | Lair:6   | d - a +5 eveningstar {macerare=g}
 13346 | Lair:6   | Reached skill level 6 in Invocations
 13473 | Lair:6   | You drop a +5 eveningstar {macerare=g}.
 13583 | Orc:1    | Entered Level 1 of the Orcish Mines
 13607 | Orc:1    | Noticed Fannar
 13617 | Orc:1    | Killed Fannar
 13804 | Orc:2    | Entered Level 2 of the Orcish Mines
 13927 | Orc:2    | Reached skill level 7 in Invocations
 13928 | Orc:2    | Noticed Donald
 13945 | Orc:2    | Killed Donald
 13981 | Orc:2    | Noticed Saint Roka
 14016 | Orc:2    | HP: 16/92 [Saint Roka/divine providence (14)]
 14084 | Orc:2    | HP: 19/92 [Saint Roka/divine providence (9)]
 14090 | Orc:2    | HP: 15/92 [Saint Roka/divine providence (7)]
 14092 | Orc:2    | HP: 2/92 [Saint Roka/divine providence (16)]
 14097 | Orc:2    | HP: 6/92 [Saint Roka/divine providence (14)]
 14101 | Orc:2    | Killed from afar by Saint Roka

Vanquished Creatures
  Donald (Orc:2)
  A dire elephant (Lair:6)
  Fannar (Orc:1)
  2 boulder beetles (Lair:5)
  Harold (D:9)
  6 hydras
  2 catoblepae
  2 two-headed ogres
  A deep troll shaman (Lair:6)
  23 death yaks
  An orc high priest (Orc:1)
  A hell knight (Volcano)
  Sonja (Lair:2)
  Urug (Lair:5)
  A deep elf pyromancer (Volcano)
  An orc sorcerer (Orc:1)
  A salamander (Volcano)
  5 cyclopes (Volcano)
  12 elephants
  8 black mambas
  3 molten gargoyles (Volcano)
  4 torpor snails
  12 cane toads
  A rime drake (Lair:5)
  An efreet (Volcano)
  13 komodo dragons
  4 trolls
  A polar bear (Lair:6)
  14 blink frogs
  20 dream sheep
  2 hornets
  A snapping turtle (Lair:3)
  A shadow (D:10)
  2 wyverns
  36 yaks
  3 fire bats (Lair:2)
  Grum (D:8)
  5 steam dragons
  4 basilisks
  3 wargs
  3 acid dragons
  13 water moccasins
  Duvessa (D:7)
  2 ice beasts
  10 orc warriors
  7 ogres
  2 sky beasts
  6 black bears
  3 centaurs
  39 wolves
  4 phantoms
  2 gnoll sergeants
  3 necrophages
  3 scorpions
  17 bullfrogs
  5 wights
  Dowan (D:7)
  2 troll zombies (D:10)
  10 killer bees
  A howler monkey (D:6)
  2 electric eels
  7 hounds
  3 jellies
  2 gnoll shamans
  12 orc priests
  10 orc wizards
  5 iguanas
  5 hell rats (Lair:6)
  4 ogre zombies (D:10)
  21 gnolls
  3 adders
  A white imp (D:5)
  3 dart slugs
  25 orcs
  9 endoplasms
  4 giant cockroaches
  5 goblins
  3 hobgoblins
  10 jackals
  3 ball pythons
  6 bats
  4 frilled lizards
  5 goblin zombies (D:10)
  2 hobgoblin skeletons (D:10)
  8 kobolds
  2 orc skeletons (D:10)
  10 orc zombies (D:10)
  5 rats
516 creatures vanquished.

Vanquished Creatures (others)
  A molten gargoyle (Volcano)
  An orc wizard (D:6)
  17 fungi
  23 plants
42 creatures vanquished.

Grand Total: 558 creatures vanquished

Table legend:
 A = Non-vault XP
 B = Vault XP
 C = Vault XP percentage of total XP
 D = Non-vault monster count
 E = Vault monster count
 F = Vault count percentage of total count
                 A         B        C        D         E       F
            +---------+---------+-------+---------+---------+-------
      Total |   68340 |   34872 |  33.8 |     411 |     107 |  20.7
            +---------+---------+-------+---------+---------+-------
        D:1 |      54 |       0 |   0.0 |      25 |       0 |   0.0
        D:2 |      16 |       0 |   0.0 |       7 |       0 |   0.0
        D:3 |     131 |       0 |   0.0 |      16 |       0 |   0.0
        D:4 |     485 |       0 |   0.0 |      26 |       0 |   0.0
        D:5 |    1643 |       0 |   0.0 |      36 |       0 |   0.0
        D:6 |    1217 |       0 |   0.0 |      21 |       0 |   0.0
        D:7 |    1804 |     218 |  10.8 |      27 |       2 |   6.9
        D:8 |    1129 |     418 |  27.0 |      10 |       3 |  23.1
        D:9 |    1655 |    1229 |  42.6 |       6 |       3 |  33.3
       D:10 |    4137 |    8038 |  66.0 |      22 |      38 |  63.3
     Lair:1 |    7540 |    2524 |  25.1 |      27 |      11 |  28.9
     Lair:2 |    4790 |    1387 |  22.5 |      16 |       4 |  20.0
     Lair:3 |   11968 |     253 |   2.1 |      45 |       1 |   2.2
     Lair:4 |    3807 |    1280 |  25.2 |      14 |       2 |  12.5
     Lair:5 |   11873 |     778 |   6.1 |      34 |       1 |   2.9
     Lair:6 |   11681 |    9284 |  44.3 |      46 |      17 |  27.0
      Orc:1 |    2489 |     892 |  26.4 |      12 |       3 |  20.0
      Orc:2 |    1921 |    2266 |  54.1 |      21 |       9 |  30.0
    Volcano |       0 |    6305 | 100.0 |       0 |      13 | 100.0
            +---------+---------+-------+---------+---------+-------

Illustrated notes

Table legend:
 A = Kills in this place as a percentage of kills in entire the game.
 B = Kills by you in this place as a percentage of kills by you in the entire game.
 C = Kills by friends in this place as a percentage of kills by friends in the entire game.
 D = Other kills in this place as a percentage of other kills in the entire game.
 E = Experience gained in this place as a percentage of experience gained in the entire game.
 F = Experience gained in this place divided by the number of levels of this place that you have seen.
                   A       B       C       D       E      F
               +-------+-------+-------+-------+-------+----------------------
         Total | 100.0 | 100.0 |   N/A | 100.0 | 100.0 | 5160.6
       Dungeon |  46.7 |  46.7 |   N/A |  50.0 |  21.5 | 2217.4
          Lair |  42.1 |  42.2 |   N/A |   0.0 |  65.1 | 11194.2
  Orcish Mines |   8.7 |   8.7 |   N/A |   0.0 |   7.3 | 3784.0
       Volcano |   2.5 |   2.3 |   N/A |  50.0 |   6.1 | 6305.0
               +-------+-------+-------+-------+-------+----------------------

Table legend: (Time is in decaauts)
 A = Elapsed time spent in this place.
 B = Non-inter-level travel time spent in this place.
 C = Inter-level travel time spent in this place.
 D = Time resting spent in this place.
 E = Time spent auto-exploring this place.
 F = Levels seen in this place.
 G = Mean time per level.
                   A        B        C        D        E       F      G
               +--------+--------+--------+--------+--------+-----+--------+
         Total |  13117 |  12186 |    931 |    326 |   8860 |  20 |  655.8 |
       Dungeon |   7816 |   7287 |    529 |    187 |   5617 |  10 |  781.6 |
        Temple |     82 |     59 |     23 |      0 |     49 |   1 |   82.0 |
          Lair |   4465 |   4104 |    361 |    113 |   2889 |   6 |  744.2 |
  Orcish Mines |    461 |    445 |     16 |     26 |    212 |   2 |  230.5 |
       Volcano |    291 |    291 |      0 |      0 |     91 |   1 |  291.0 |
               +--------+--------+--------+--------+--------+-----+--------+

Top non-repeatable levels by time:
     D:4: 1187 daAuts
    D:10: 1111 daAuts
     D:1: 994 daAuts
  Lair:6: 901 daAuts
  Lair:3: 824 daAuts
     D:5: 794 daAuts
     D:8: 776 daAuts
  Lair:2: 761 daAuts
     D:9: 753 daAuts
  Lair:5: 697 daAuts
  Lair:1: 674 daAuts
     D:7: 661 daAuts
  Lair:4: 606 daAuts
     D:3: 591 daAuts
     D:6: 474 daAuts
